 Dungeon Crawl Stone Soup version 0.28-b1-1-g3c77fb2ed1 (webtiles) character file.

Game seed: 440486274115374104

88 McKennaii the Conjurer (level 4, 0/33 HPs)
             Began as a Demigod Conjurer on Jan 29, 2022.
             Slain by a gnoll (4 damage)
             ... on level 3 of the Dungeon.
             The game lasted 00:01:07 (2198 turns).

McKennaii the Conjurer (Demigod Conjurer)           Turns: 2198, Time: 00:01:08

Health: 0/33       AC:  2    Str:  8    XL:     4   Next: 9%
Magic:  0/10       EV: 12    Int: 24    God:
Gold:   73         SH:  0    Dex: 12    Spells: 5/8 levels left

rFire   + . .      SeeInvis .   h - staff of fire
rCold   . . .      Faith    .   (no shield)
rNeg    . . .      Spirit   .   a - +0 robe
rPois   .          Reflect  .   (no helmet)
rElec   .          Harm     .   (no cloak)
rCorr   .          Rampage  .   (no gloves)
Will    .....                   (no boots)
Stlth   ++........              (no amulet)
HPRegen 0.11/turn               (no ring)
MPRegen 0.12/turn               (no ring)

@: no status effects
A: high mp 1, forlorn, divine attributes
a: no special abilities


You were on level 3 of the Dungeon.
You visited 1 branch of the dungeon, and saw 3 of its levels.

You collected 73 gold pieces.

Inventory:

Armour
 a - a +0 robe (worn)
Magical Staves
 h - a staff of fire (weapon)
Scrolls
 b - a scroll of teleportation {unknown}
 g - 2 scrolls of identify {unknown}
 j - a scroll of enchant armour {unknown}
 k - a scroll of fear {unknown}
Potions
 c - 2 potions of heal wounds {unknown}
 d - a potion of cancellation {unknown}
 e - a potion of brilliance {unknown}
 f - a potion of degeneration {unknown}
 i - a potion of invisibility {unknown}


   Skills:
 - Level 1.7 Dodging
 - Level 1.7 Stealth
 + Level 2.6 Spellcasting
 * Level 4.8 Conjurations


You had 5 spell levels left.
You knew the following spells:

 Your Spells              Type           Power      Damage    Failure   Level
a - Magic Dart            Conj           100%       1d8       1%          1
b - Searing Ray           Conj           52%        2d6       2%          2

Your spell library contained the following spells:

 Spells                   Type           Power      Damage    Failure   Level
 Apportation              Tloc           6%         N/A       12%         1
 Dazzling Flash           Conj/Hex       28%        N/A       13%         3
 Call Imp                 Summ           3%         N/A       17%         2
 Mephitic Cloud           Conj/Pois/Air  10%        N/A       17%         3
 Fulminant Prism          Conj/Hex       7%         3d7       38%         4
 Iskenderun's Mystic Bla  Conj/Tloc      14%        2d5       38%         4
 Alistair's Intoxication  Tmut/Pois      2%         N/A       97%         5


Dungeon Overview and Level Annotations

Branches:
Dungeon (3/15)


Innate Abilities, Weirdness & Mutations

You have an increased reservoir of magic. (+10% MP)
You shall have no god before yourself.
Your divine heritage dramatically boosts your attributes as you level up.


Message History

You hit the gnoll but do no damage.
The gnoll is heavily wounded.
The gnoll barely misses you. The gnoll hits you with a +0 whip.
You barely miss the gnoll.
The gnoll is heavily wounded.
The gnoll hits you with a +0 whip.
You hit the gnoll but do no damage.
The gnoll is heavily wounded.
The gnoll hits you with a +0 whip.
You hit the gnoll but do no damage.
The gnoll is heavily wounded.
The gnoll closely misses you.
You hit the gnoll but do no damage.
The gnoll is heavily wounded.
The gnoll hits you with a +0 whip.
You hit the gnoll but do no damage.
The gnoll is heavily wounded.
The gnoll misses you. The gnoll hits you with a +0 whip.
You hit the gnoll.
The gnoll is heavily wounded.
The gnoll hits you but does no damage.
You hit the gnoll.
The gnoll is heavily wounded.
The gnoll hits you with a +0 whip!
There is an open door here.
You see here 12 arrows.
Casting: Magic Dart (safe; 1% risk of failure)
Confirm with . or Enter, or press ? or * to list all spells.
Aiming: Searing Ray (safe; 2% risk of failure)
Press: ? - help, Shift-Dir - straight line, f - gnoll
Aim: a gnoll, wielding a +0 whip (heavily wounded, 82% to hit)
The searing ray hits the gnoll.
The gnoll is almost dead. (Press . to maintain the ray.)
The gnoll hits you with a +0 whip!
* * * LOW HITPOINT WARNING * * *
You barely miss the gnoll.
The gnoll is almost dead.
The gnoll hits you with a +0 whip.
You die...

# #. ##+## ##.#######
##...##
#........###.....##
#..#.#.#.##.......##
###.#......#.........#
..........'(..g@....+
#.#......#.........#
#........##.......##
####....####.^...##
#)#### ##<..## #.
##+## #) #. #.


You could see a gnoll.

Vanquished Creatures
  2 gnolls (D:3)
  2 adders (D:2)
  2 worms (D:2)
  A dart slug (D:2)
  4 ball pythons
  3 endoplasms
  3 giant cockroaches (D:1)
  3 hobgoblins
  3 kobolds (D:1)
  A quokka (D:1)
  5 bats
  4 frilled lizards
  4 goblins
  5 rats
42 creatures vanquished.

Notes
Turn   | Place    | Note
-------+----------+-------------------------------------------
     0 | D:1      | McKennaii the Demigod Conjurer began the quest for the Orb.
     0 | D:1      | Reached XP level 1. HP: 14/14 MP: 5/5
   349 | D:1      | Reached XP level 2. HP: 20/20 MP: 1/7
   413 | D:1      | Reached skill level 4 in Conjurations
  1145 | D:2      | Learned a level 2 spell: Searing Ray
  1168 | D:2      | Reached XP level 3. HP: 26/26 MP: 0/9
  2180 | D:3      | Reached XP level 4. HP: 33/33 MP: 0/10
  2198 | D:3      | Slain by a gnoll

Illustrated notes

Levels and vault maps discovered:
D:1:      dpeg_arrival_court, layout_basic, serial_park_tiny_2,
          corexii_hall_statues_s, supply_closet_lemuel
D:2:      layout_basic, hellmonk_ecumenical_altar_pennies_from_heaven,
          corexii_hall_statues_deadend, hangedman_decor_riveting
D:3:      layout_loops_corners, minivault_25

Skill      XL: |  1  2 |
---------------+-------+-----
Spellcasting   | 2 |  2.6
Conjurations   | 4 |  4.8
Dodging        | |  1.7
Stealth        | |  1.7

Action                   |  1- 3 |  4- 6 || total
-------------------------+-------+-------++-------
Melee: Staff             |       |     9 ||     9
 Cast: Magic Dart        |    97 |       ||    97
       Searing Ray       |       |     1 ||     1
Armor: Robe              |     2 |     1 ||     3
Dodge: Dodged            |     3 |     3 ||     6
